 Dungeon Crawl Stone Soup version 0.22.0-38-g04b72b8 (webtiles) character file.

160 crustmik the Skirmisher (level 5, -2/46 HPs)
             Began as a Draconian Berserker on Aug 25, 2018.
             Was a Believer of Trog.
             Slain by Grinder (3 damage)
             ... on level 3 of the Dungeon.
             The game lasted 00:21:23 (2492 turns).

crustmik the Skirmisher (Draconian Berserker)       Turns: 2492, Time: 00:21:24

Health: -2/46      AC:  5    Str: 20    XL:     5   Next: 17%
Magic:  5/5        EV: 13    Int:  8    God:    Trog [**....]
Gold:   39         SH:  0    Dex: 10    Spells: 4/4 levels left

rFire    . . .     SeeInvis .   s - +2 war axe (vamp)
rCold    . . .     Gourm    .   (no shield)
rNeg     . . .     Faith    .   (armour unavailable)
rPois    .         Spirit   .   (helmet restricted)
rElec    .         Reflect  .   (no cloak)
rCorr    +         Harm     .   (no gloves)
MR       .....                  (no boots)
Stlth    ..........             (no amulet)
HPRegen  0.15/turn              v - ring of resist corrosion
MPRegen  0.09/turn              y - ring of attention (curse)

@: no status effects
A: unfitting armour, cold-blooded, AC +5
a: Berserk, Trog's Hand, Renounce Religion


You were on level 3 of the Dungeon.
You worshipped Trog.
Trog was pleased with you.
You were not hungry.

You visited 1 branch of the dungeon, and saw 3 of its levels.

You collected 39 gold pieces.

Inventory:

Hand Weapons
 a - a +0 hand axe
 c - a +2 short sword of speed
 e - a +0 club
 f - a +0 club
 i - a +0 club
 o - a +0 dagger
 p - a +0 whip
 q - a +0 short sword
 s - a +2 vampiric war axe (weapon)
Missiles
 k - 21 arrows
Armour
 d - a +0 ring mail
 h - a cursed +0 leather armour
 l - a +0 leather armour
 m - a +0 ring mail
 t - a +0 leather armour
 x - a +0 robe
 z - a +0 leather armour
Jewellery
 v - a ring of resist corrosion (left hand)
 y - a cursed ring of attention (right hand)
Scrolls
 g - 2 scrolls of identify {unknown}
 n - a scroll of fog {unknown}
 r - a scroll of teleportation {unknown}
 u - a scroll of magic mapping {unknown}
 w - a scroll of remove curse {unknown}
Potions
 j - 4 potions of curing {unknown}
 A - a potion of flight {unknown}
Comestibles
 b - 6 rations


   Skills:
 + Level 4.2 Fighting
 + Level 2.3 Short Blades
 + Level 3.7 Axes
 + Level 3.6 Dodging
 + Level 0.4 Stealth


You had 4 spell levels left.
You didn't know any spells.
Your spell library was empty.

Dungeon Overview and Level Annotations

Branches:
Dungeon (3/15)

Altars:
Ashenzari

Annotations:
D:3 Grinder


Innate Abilities, Weirdness & Mutations

Your plain brown scales are hard. (AC +5)
You cannot fit into any form of body armour.
You are cold-blooded and may be slowed by cold attacks.


Message History

Grinder hits you.
You writhe in agony.
Grinder hits you.
You barely miss Grinder.
Grinder is lightly wounded.
Grinder hits you!
You hit Grinder.
Grinder is lightly wounded.
Grinder hits you.
You barely miss Grinder.
Grinder is lightly wounded.
Grinder hits you.
You writhe in agony.
Grinder hits you!
* * * LOW HITPOINT WARNING * * *
You writhe in agony.
* * * LOW HITPOINT WARNING * * *
You hit Grinder.
Grinder is moderately wounded.
Grinder misses you.
You hit Grinder.
Your tail-slap misses Grinder.
Grinder is moderately wounded.
Grinder hits you.
You die...

... #...............##
...# #.....).........##
....###.....#[........##
......###.............##
..........##..........##
#.##.................##
#..#.................##
#...................##
##..5@.#......###....>
#............# ###.##
#.....##.##..#####..#
....#....##............#
.........# #..#.........
...#.#...# #..#........#
.. ._..#.## .........#..
. .#.## .... ##......##.
#?.........#
##..##..........


You could see Grinder.

Vanquished Creatures
  A bullfrog (D:3)
  2 adders
  An ooze (D:2)
  An adder skeleton (D:2)
  2 worms (D:2)
  3 dart slugs
  2 leopard geckos
  6 bats
  7 giant cockroaches
  7 goblins
  6 hobgoblins
  3 jackals (D:1)
  A quokka (D:2)
  3 ball pythons
  5 frilled lizards
  4 kobolds
  5 rats
59 creatures vanquished.

Notes
Turn   | Place    | Note
-------+----------+-------------------------------------------
     0 | D:1      | crustmik the Draconian Berserker began the quest for the Orb.
     0 | D:1      | Reached XP level 1. HP: 19/19 MP: 1/1
   179 | D:1      | Reached XP level 2. HP: 26/26 MP: 2/2
  1327 | D:2      | Reached XP level 3. HP: 31/31 MP: 3/3
  1407 | D:2      | Reached skill level 1 in Short Blades
  1448 | D:2      | Reached ** piety under Trog
  1734 | D:2      | Reached XP level 4. HP: 37/40 MP: 4/4
  1975 | D:2      | Reached skill level 4 in Fighting
  2371 | D:3      | Noticed a bullfrog
  2380 | D:3      | Killed a bullfrog
  2380 | D:3      | Reached XP level 5. HP: 40/46 MP: 5/5
  2479 | D:3      | Noticed Grinder
  2480 | D:3      | Found a shattered altar of Ashenzari.
  2490 | D:3      | HP: 1/46 [Grinder (5)]
  2492 | D:3      | Slain by Grinder

Skill      XL: |  1  2  3  4 |
---------------+-------------+-----
Dodging        | 3 |  3.6
Short Blades   | 1 2 |  2.3
Fighting       | 4 |  4.2
Axes           | |  3.7
Stealth        | |  0.4

Action                   |  1- 3 |  4- 6 || total
-------------------------+-------+-------++-------
Melee: Short sword       |   115 |       ||   115
       Hand axe          |     2 |       ||     2
       Tailslap          |     8 |     7 ||    15
       War axe           |       |    52 ||    52
 Stab: Sleeping          |       |     1 ||     1
  Eat: Ration            |     2 |     1 ||     3
Armor: Skin              |    26 |    28 ||    54
Dodge: Dodged            |    66 |    59 ||   125
